 Dungeon Crawl Stone Soup version 0.19.0-23-gf02e663 (webtiles) character file.

43 Leibowitz the Vexing (level 3, -7/26 HPs)
             Began as a Demigod Enchanter on Nov 19, 2016.
             Mangled by an ogre
             ... wielding a +0 giant club
              (18 damage)
             ... on level 2 of the Dungeon.
             The game lasted 00:03:25 (1704 turns).

Leibowitz the Vexing (Demigod Enchanter)            Turns: 1704, Time: 00:03:26

Health: -7/26      AC:  4    Str: 11    XL:     3   Next: 20%
Magic:  0/8        EV: 12    Int: 21    God:
Gold:   57         SH:  0    Dex: 16    Spells: 3 memorised, 0 levels left

rFire  . . .     SeeInvis .     a - +1 dagger
rCold  . . .     Gourm    .     b - +1 robe
rNeg   . . .     Faith    .     (no shield)
rPois  .         Spirit   .     (no helmet)
rElec  .         Reflect  .     f - +0 cloak
rCorr  .         Harm     .     (no gloves)
MR     .....                    (no boots)
Stlth  ++........               (no amulet)
                                (no ring)
                                (no ring)

@: very slightly contaminated
A: high mp 1
a: no special abilities


You were on level 2 of the Dungeon.
You were not hungry.

You visited 1 branch of the dungeon, and saw 2 of its levels.

You collected 57 gold pieces.

Inventory:

Hand Weapons
 a - a +1 dagger (weapon)
Armour
 b - a +1 robe (worn)
 f - a +0 cloak (worn)
Scrolls
 g - 2 scrolls of noise {unknown}
Potions
 e - a potion of heal wounds {unknown}
 i - a potion of curing {unknown}
Books
 c - a book of Maledictions

   Spells                             Type                      Level
   a - Corona                         Hexes                        1
   b - Ensorcelled Hibernation        Hexes/Ice                    2
   c - Confuse                        Hexes                        3
   d - Tukima's Dance                 Hexes                        3
   e - Dazzling Spray                 Conjuration/Hexes            3
Comestibles
 d - 3 bread rations
 h - a beef jerky


   Skills:
 + Level 1.1 Short Blades
 + Level 1.7 Dodging
 + Level 3.1 Stealth
 * Level 2.2 Spellcasting
 * Level 3.3 Hexes


You couldn't memorise any spells.
You knew the following spells:

 Your Spells              Type           Power        Failure   Level  Hunger
a - Corona                Hex            ###....      4%          1    #......
b - Ensorcelled Hibernat  Hex/Ice        #.....       12%         2    ##.....
c - Confuse               Hex            ###.....     14%         3    ###....


Dungeon Overview and Level Annotations

Branches:
Dungeon (2/15)


Innate Abilities, Weirdness & Mutations

You have an increased reservoir of magic. (+10% MP)


Message History

Confirm with . or Enter, or press ? or * to list all spells.
Aiming: Ensorcelled Hibernation
Press: ? - help, Shift-Dir - straight line, f/p - ogre
Aim: an ogre, wielding a giant club (chance to defeat MR: 40%)
The ogre resists with some effort.
Casting: Ensorcelled Hibernation
Confirm with . or Enter, or press ? or * to list all spells.
Aiming: Ensorcelled Hibernation
Press: ? - help, Shift-Dir - straight line, f/p - ogre
Aim: an ogre, wielding a giant club (chance to defeat MR: 40%)
You miscast Ensorcelled Hibernation.
You feel off-balance for a moment. The ogre barely misses you.
Casting: Ensorcelled Hibernation
Confirm with . or Enter, or press ? or * to list all spells.
Aiming: Ensorcelled Hibernation
Press: ? - help, Shift-Dir - straight line, f/p - ogre
Aim: an ogre, wielding a giant club (chance to defeat MR: 40%)
The ogre resists with some effort.
The ogre hits you with a giant club!!
Ouch! That really hurt!
You die...

........... #.......# #
#.......##.## # #............
#.. #............
.##..###....<.##+## #+#
.............#...## ##...
#..#.#..O#....⌠...###...⌠.
#........@..#.............
#...........###....>....# #
#.#......####.###.....###
#.##.#......[......##.⌠.##
#..........#####.###.....###
##.........#######....>....##
###...........#.............
#....#...#....⌠...###...⌠.
###.##.....#.##...### ###...


You could see an ogre.

Vanquished Creatures
  An adder (D:2)
  A worm (D:2)
  A dart slug (D:1)
  A leopard gecko (D:2)
  4 bats
  A giant cockroach (D:1)
  2 goblins
  2 hobgoblins
  8 kobolds
  2 frilled lizards (D:1)
  5 rats
28 creatures vanquished.

Notes
Turn   | Place    | Note
-------+----------+-------------------------------------------
     0 | D:1      | Leibowitz the Demigod Enchanter began the quest for the Orb.
     0 | D:1      | Reached XP level 1. HP: 14/14 MP: 5/5
   265 | D:1      | Reached XP level 2. HP: 15/20 MP: 7/7
   269 | D:1      | Learned a level 2 spell: Ensorcelled Hibernation
  1122 | D:1      | You fall through a shaft!
  1159 | D:2      | Reached skill level 1 in Short Blades
  1368 | D:2      | Reached XP level 3. HP: 24/26 MP: 8/8
  1373 | D:2      | Learned a level 3 spell: Confuse
  1489 | D:2      | Noticed an ogre
  1704 | D:2      | Mangled by an ogre

Skill      XL: |  1  2 |
---------------+-------+-----
Hexes          | 3 |  3.3
Spellcasting   | 2 |  2.2
Short Blades   | 1 |  1.1
Stealth        | 3 |  3.1
Dodging        | |  1.7

Action                   || total
-------------------------++-------
Melee: Dagger            ||   103
 Cast: Corona            ||     6
       Ensorcelled Hiber ||    12
       Confuse           ||     1
 Stab: Sleeping          ||    10
  Eat: Chunk             ||     4
Armor: Robe              ||    30
Dodge: Dodged            ||    71
